AoeStats
← stepsm193

Arena

508212977Analyzed
3v3 RM · 10d ago on Sep 21, 2026· 36m 29s· 6 players
Game mode
Random Map
Map size
Normal (6 player)
Population
200
Speed
Normal
Resources
Standard
Victory
Conquest
Starting age
Dark Age
Ending age
Imperial Age
RankedLock teamsTeams togetherTeam positionsShared explorationLock speedFull tech treeHidden civsTurbo modeCheats
Victory
Defeat
🇳🇿 Magyars · New Zealand
1003
+17
🇦🇺 Burgundians · Australia
993
+17
🇦🇺 Teutons · Australia
977
+18
🇮🇹 Byzantines · Italy
1041
-18
🇮🇹 Britons · Italy
1028
-17
🇮🇹 Turks · Italy
1000
-17
stepsm193
0:42 Loom
10:41 Feudal Age
17:25 Castle Age
15:54 Double-Bit Axe
15:59 Horse Collar
19:50 Gold Mining
22:36 Wheelbarrow
22:33 Ballistics
23:23 Fletching
24:34 Bodkin Arrow
31:51 Imperial Age
30:29 Bow Saw
30:24 Heavy Plow
31:26 Padded Archer Armor
31:34 Murder Holes
32:58 Conscription
33:13 Bracer
35:47 Chemistry
LordGiamma
13:24 Feudal Age
11:41 Loom
15:36 Wheelbarrow
17:40 Castle Age
15:33 Double-Bit Axe
20:13 Wheelbarrow
24:42 Imperial Age
29:58 Bloodlines
30:06 Stone Mining
30:05 Horse Collar
32:17 Gold Mining
32:57 Fletching
33:54 Ballistics
35:13 Bodkin Arrow
35:44 Hand Cart
35:16 Town Watch
35:05 Heavy Camel Rider
36:05 Bracer
Jan2427
13:40 Feudal Age
11:57 Loom
15:48 Double-Bit Axe
15:53 Horse Collar
18:32 Castle Age
21:30 Wheelbarrow
24:21 Fletching
28:56 Imperial Age
33:40 Scale Barding Armor
35:49 Husbandry
36:37 Conscription
Rashedul
11:23 Feudal Age
15:47 Castle Age
13:58 Double-Bit Axe
14:37 Horse Collar
18:34 Bow Saw
18:19 Loom
18:49 Fervor
22:16 Town Watch
24:09 Gold Mining
24:37 Bloodlines
25:42 Wheelbarrow
25:10 Heavy Plow
26:49 Hand Cart
26:53 Corvinian Army
26:55 Fletching
27:49 Husbandry
27:52 Stone Mining
28:21 Scale Barding Armor
32:11 Imperial Age
31:50 Ballistics
32:14 Gold Shaft Mining
32:20 Chain Barding Armor
33:43 Conscription
35:48 Chemistry
35:09 Elite Magyar Huszar
Sarder King
10:18 Feudal Age
11:56 Loom
16:18 Castle Age
14:27 Double-Bit Axe
19:46 Fletching
21:43 Horse Collar
24:55 Wheelbarrow
29:04 Imperial Age
27:46 Bow Saw
29:32 Bodkin Arrow
29:34 Pikeman
30:15 Squires
31:26 Conscription
31:41 Hoardings
31:28 Padded Archer Armor
32:25 Leather Archer Armor
33:50 Chemistry
33:11 Ballistics
33:24 Scale Mail Armor
33:18 Halberdier
34:26 Halberdier
35:37 Heavy Plow
36:05 Hand Cart
35:55 Elite Teutonic Knight
TikishTakush
12:33 Feudal Age
14:52 Loom
17:38 Castle Age
15:56 Double-Bit Axe
16:33 Horse Collar
17:30 Bow Saw
18:10 Stone Mining
23:32 Gold Mining
25:49 Wheelbarrow
29:52 Imperial Age
28:36 Gold Shaft Mining
29:06 Burgundian Vineyards
29:04 Husbandry
29:18 Heavy Plow
29:05 Cavalier
31:50 Hand Cart
31:47 Scale Barding Armor
31:56 Paladin
33:31 Conscription
34:18 Stone Shaft Mining
34:50 Chemistry
34:43 Hoardings
35:00 Chain Barding Armor
34:51 Forging
35:08 Padded Archer Armor
Connection lost

Rejoining the realm…

Still unreachable

The connection could not be restored.

Session expired

The server has moved on; the page needs a fresh start.